 Dungeon Crawl Stone Soup version 0.17-a0-1636-g3119f2b (webtiles) character file.

1341 ololoev the Gusty (level 8, -5/57 HPs)
             Began as a Green Draconian Air Elementalist on Aug 6, 2015.
             Was an Initiate of Gozag.
             Slain by Pikel
             ... wielding a +0 whip of electrocution
              (12 damage)
             ... on level 5 of the Dungeon.
             The game lasted 00:27:28 (4886 turns).

ololoev the Gusty (DrAE)                            Turns: 4886, Time: 00:27:29

Health: -5/57      AC:  7    Str: 10    XL:     8   Next: 35%
Magic:  1/15       EV: 12    Int: 17    God:    Gozag
Gold:   386        SH:  0    Dex: 13    Spells: 3 memorised, 11 levels left

rFire  . . .     SeeInvis .     (no weapon)
rCold  + . .     Clarity  .     (armour unavailable)
rNeg   . . .     SustAt   .     (no shield)
rPois  +         Gourm    .     (helmet restricted)
rElec  .         Spirit   .     (no cloak)
rCorr  +         Warding  .     (no gloves)
rMut   .         Stasis   .     r - +0 pair of boots
MR     .....                    i - amulet of resist corrosion
Stlth  ++........               (no ring)
                                (no ring)

@: repel missiles, not resistant to hostile enchantments, unstealthy
A: breathe noxious fumes, unfitting armour, cold resistance 1, poison
resistance, cold-blooded, AC +6
a: Breathe Noxious Fumes, Potion Petition, Call Merchant, Bribe Branch, Renounce
Religion


Innate Abilities, Weirdness & Mutations

You can breathe blasts of noxious fumes.
Your lurid green scales are hard (AC +6).
Your body does not fit into most forms of armour.
Your system is resistant to poisons.
You are cold-blooded and may be slowed by cold attacks.
Your flesh is cold resistant.

Inventory:

Armour
 o - a +0 buckler
 r - a +0 pair of boots (worn)
Jewellery
 i - an amulet of resist corrosion (around neck)
Magical devices
 j - a wand of lightning (0)
Scrolls
 c - a scroll of amnesia {unknown}
 f - a scroll of recharging {unknown}
 k - a scroll of enchant armour {unknown}
 p - 2 scrolls of enchant weapon
 q - a scroll of acquirement {unknown}
Potions
 d - a potion of heal wounds {unknown}
 e - a potion of agility
 g - a potion of poison {unknown}
 h - a potion of magic {unknown}
 l - a potion of mutation {unknown}
 m - 2 potions of resistance
Books
 a - a book of Air

   Spells                             Type                      Level
   a - Shock                          Conjuration/Air              1
   b - Swiftness                      Charms/Air                   2
   c - Repel Missiles                 Charms/Air                   2
   d - Static Discharge               Conjuration/Air              3
   e - Lightning Bolt                 Conjuration/Air              5
Comestibles
 b - 4 bread rations
 n - 2 fruits


   Skills:
 - Level 1.7 Dodging
 - Level 1.7 Stealth
 + Level 0.0 Shields
 + Level 4.9 Spellcasting
 + Level 6.6 Conjurations
 + Level 6.7 Air Magic


You had 11 spell levels left.
You knew the following spells:

 Your Spells              Type           Power        Failure   Level  Hunger
a - Shock                 Conj/Air       ####         1%          1    None
b - Repel Missiles        Chrm/Air       ###...       6%          2    #......
c - Swiftness             Chrm/Air       ###.....     6%          2    #......


You were on level 5 of the Dungeon.
You worshipped Gozag.
Gozag was noncommittal.
You were not hungry.

You visited 2 branches of the dungeon, and saw 6 of its levels.

You collected 433 gold pieces.
You paid 47 gold pieces to Gozag.

...####..............##(.....#
..............######.##(#########
#.............##.....#..##...<...
.................#####(###.......
#.............#### #.# #.......
..............### #.# #..)....
##..............######.# #.......
##(......@.#.##..##....# ###.#.##
...........#.###@......###.#)#.#
........>....p$K).#....##....#.#
.......##..#..###......##....#.#
....#####..#...###.........>.#.#
..#..# #...##....########.).##.#
.###...#....##.#.# #...##.#
.#####....... .#..## #...##.#
....................#####.).##.#
...#........$.....#.....)...##.#

Notes
Turn   | Place    | Note
--------------------------------------------------------------
     0 | D:1      | ololoev the Draconian Air Elementalist began the quest for the Orb.
     0 | D:1      | Reached XP level 1. HP: 14/14 MP: 3/3
   386 | D:1      | Reached XP level 2. HP: 18/20 MP: 0/5
  1109 | D:2      | Reached XP level 3. HP: 26/26 MP: 2/6
  1248 | D:2      | Found a sparkling altar of Nemelex Xobeh.
  1602 | D:2      | Reached XP level 4. HP: 29/33 MP: 5/7
  1615 | D:2      | Found an ancient bone altar of Kikubaaqudgha.
  1895 | D:3      | Found a shimmering altar of Xom.
  1897 | D:3      | Noticed an orc warrior
  1985 | D:3      | Reached skill level 4 in Air Magic
  2261 | D:3      | Noticed Sigmund
  2264 | D:3      | Gained mutation: Your flesh is cold resistant. [potion of beneficial mutation]
  2292 | D:3      | Reached XP level 5. HP: 31/38 MP: 1/8
  2303 | D:3      | Killed Sigmund
  2303 | D:3      | Reached XP level 6. HP: 36/45 MP: 0/10
  2946 | D:4      | Noticed Blork the orc
  3007 | D:4      | Reached skill level 5 in Conjurations
  3007 | D:4      | Reached skill level 5 in Air Magic
  3404 | D:4      | Found a staircase to the Ecumenical Temple.
  3413 | Temple   | Entered the Ecumenical Temple
  3427 | Temple   | Became a worshipper of Gozag Ym Sagoz the Greedy
  3482 | D:4      | Learned a level 2 spell: Repel Missiles
  3485 | D:4      | Learned a level 2 spell: Swiftness
  3625 | D:4      | Found a glowing golden altar of the Shining One.
  3627 | D:4      | Noticed an angel
  3645 | D:4      | Killed Blork the orc
  3645 | D:4      | Your scales start taking on a lurid green colour.
  3645 | D:4      | Gained mutation: Your system is resistant to poisons. [Green Draconian growth]
  3645 | D:4      | Reached XP level 7. HP: 44/50 MP: 2/11
  3725 | D:4      | Noticed Grinder
  3752 | D:4      | Paralysed by Grinder for 3 turns
  3764 | D:4      | Paralysed by Grinder for 6 turns
  3777 | D:4      | Killed Grinder
  4074 | D:4      | Found a basalt altar of Yredelemnul.
  4076 | D:4      | Noticed a profane servitor
  4147 | D:5      | Entered Level 5 of the Dungeon
  4154 | D:5      | Noticed Pikel
  4163 | D:4      | Reached skill level 6 in Conjurations
  4324 | D:5      | Reached XP level 8. HP: 57/57 MP: 9/14
  4706 | D:5      | Found a glowing silver altar of Zin.
  4739 | D:5      | Found a shattered altar of Ashenzari.
  4832 | D:5      | Noticed Edmund
  4886 | D:5      | Slain by Pikel

Dungeon Overview and Level Annotations

Branches:
Dungeon (5/15)             Temple (1/1) D:4

Altars:
Ashenzari
Gozag
Kikubaaqudgha
Nemelex Xobeh
Sif Muna
Xom
Yredelemnul
Zin
The Shining One

Annotations:
D:5 Edmund, Pikel


Message History

Aiming: Shock
Press: ? - help, Shift-Dir - straight line, f - Pikel
Aim: Pikel, wielding a whip of electrocution and wearing a robe (severely wounded)
The zap hits Pikel.
Pikel is severely wounded.
The zap misses the slave.
The zap hits the slave.
The slave is moderately wounded.
Pikel drinks a potion.
Pikel is healed!
Pikel closely misses you.
You see here a whip.
Pikel hits you with a whip of electrocution.
Casting: Shock
Confirm with . or Enter, or press ? or * to list all spells.
Aiming: Shock
Press: ? - help, Shift-Dir - straight line, p - Pikel The zap hits Pikel.
Pikel is heavily wounded.
The zap misses Pikel.
The zap hits the slave.
The slave is heavily wounded.
The zap hits the slave.
The slave appears unharmed.
The slave is heavily wounded.
The slave is distracted by the nearby gold.
Pikel hits you with a whip of electrocution.
Evoke which item? (* to show all) (? for menu, Esc to quit)
Zapping:
j - a wand of lightning {zapped: 2} (will waste charges)
Press: ? - help, Shift-Dir - straight line You hear a mighty clap of thunder!
The bolt of lightning hits Pikel.
Pikel appears unharmed.
Pikel is heavily wounded.
The bolt of lightning hits Pikel.
Pikel is severely wounded.
The bolt of lightning misses the slave.
The bolt of lightning hits the slave.
You kill the slave!
That felt strangely unrewarding.
Evoking this partially-identified wand wasted a few charges.
You hear a shout!
Pikel hits you with a whip of electrocution.
You are electrocuted!
You die...
Your body crumbles into a pile of gold.

You could see Pikel and a slave.

Vanquished Creatures
  Grinder (D:4)
  Sigmund (D:3)
  A hippogriff (D:4)
  2 slaves (D:5)
  Blork the orc (D:4)
  A scorpion (D:4)
  A crimson imp (D:5)
  An iguana (D:4)
  A giant frog zombie (D:5)
  5 orc wizards
  6 orc priests
  2 hounds
  A giant frog skeleton (D:5)
  2 worker ants
  A hound skeleton (D:5)
  11 adders
  An ooze (D:3)
  2 adder skeletons
  A worm (D:2)
  2 giant geckos
  18 orcs
  5 giant cockroaches
  8 goblins
  12 hobgoblins
  14 jackals
  3 kobolds
  A quokka (D:5)
  2 ball pythons (D:4)
  7 bats
  2 quokka skeletons
  6 rats
122 creatures vanquished.

Action                   |  1- 3 |  4- 6 |  7- 9 || total
-------------------------+-------+-------+-------++-------
Melee: Unarmed           |    29 |    12 |     9 ||    50
       Dagger            |       |    11 |       ||    11
 Cast: Shock             |    72 |   119 |    94 ||   285
       Repel Missiles    |       |       |     1 ||     1
 Abil: Breathe Noxious F |       |       |     3 ||     3
Evoke: Wand              |       |     2 |     5 ||     7
  Use: Scroll            |       |     6 |     2 ||     8
       Potion            |       |     5 |     1 ||     6
 Stab: Confused          |       |       |     1 ||     1
  Eat: Chunk             |     3 |     7 |       ||    10
       Royal jelly       |       |       |     1 ||     1
       Fruit             |       |       |     1 ||     1
       Beef jerky        |       |       |     1 ||     1

Vault maps used:
D:1:      erik_arrival_cave_to_civilisation, hex_intersection,
          hangedman_feature_mirror
D:2:      lemuel_round_altar, overflow_temple_1_default
D:3:      nicolae_overflow_crystal_walls, uniq_sigmund
D:4:      grunt_temple_overflow_holy_war, minmay_temple_entry_mist,
          uniq_grinder, uniq_blork_the_orc
D:5:      old_standard_altar, cheibrodos_ashenzari_chains, serial_shops, shop,
          first_bread, uniq_crazy_yiuf_cottage, uniq_menkaure, uniq_edmund,
          uniq_pikel
Temple:   nicolae_temple_hex_pool
